 Dungeon Crawl Stone Soup version 0.31.0-9-g3a7656b989 (webtiles) character file.

Game seed: 15919676005283170164

45713 James the Severer (level 14, -13/125 HPs)
             Began as a Minotaur Fighter on Jan 30, 2024.
             Was an Initiate of Gozag.
             Mangled by a stone giant (43 damage)
             ... on level 1 of the Orcish Mines.
             The game lasted 00:43:36 (16244 turns).

James the Severer (Minotaur Fighter)               Turns: 16244, Time: 00:43:37

Health: -13/125    AC: 35    Str: 24    XL:     14   Next: 2%
Magic:  13/13      EV:  6    Int:  8    God:    Gozag
Gold:   3042       SH: 15    Dex: 20    Spells: 13/13 levels left

rFire   . . .        S - +6 broad axe of the Solstice {freeze, +Blink Int+3 Dex+3 Stlth-}
rCold   + . .        c - +0 kite shield
rNeg    + . .        k - +10 crystal plate armour of the Shoals {rN+ Dex+5 Slay+3}
rPois   +            (helmet restricted)
rElec   .            y - +2 cloak
rCorr   .            (no gloves)
SInv    .            (no boots)
Will    +....        (no amulet) Stlth
                     A - ring of poison resistance
HPRegen 0.40/turn    o - ring of protection from cold
MPRegen 0.13/turn

%: no passive effects
@: silenced
A: horns 2, retaliatory headbutt
a: Renounce Religion, Evoke Blink


You were on level 1 of the Orcish Mines.
You worshipped Gozag.
Gozag was most pleased with you.
You visited 3 branches of the dungeon, and saw 15 of its levels.
You visited the Abyss 1 time.
You also visited: Sewer, Ossuary and Bailey.

You collected 4602 gold pieces.
You spent 296 gold pieces at shops.
You paid 1264 gold pieces to Gozag.

Inventory:

Hand Weapons
 b - the +8 demon trident "Rift" {distort, reach+}
   (You found it in a bailey)
 v - a +2 trident
   (You took it off a wight on level 7 of the Dungeon)
 G - a +0 glaive
   (You took it off an orc knight in a bailey)
 M - a +0 morningstar
   (You found it in an ossuary)
 P - a +0 sling
   (You took it off a goblin on level 4 of the Dungeon)
 S - the +6 broad axe of the Solstice (weapon) {freeze, +Blink Int+3 Dex+3 Stlth-}
   (You bought it in a shop on level 1 of the Dungeon)

   Int+3:     It affects your intelligence (+3).
   Dex+3:     It affects your dexterity (+3).
   +Blink:    It lets you blink.
   Stlth-:    It makes you less stealthy.
 T - the +5 spear "Qehalamu" {freeze, Will+ rCorr Str-2 Int+3}
   (You found it on level 9 of the Dungeon)

   Str-2:     It affects your strength (-2).
   Int+3:     It affects your intelligence (+3).
   Will+:     It increases your willpower.
   rCorr:     It protects you from acid and corrosion.
Missiles
 a - 9 javelins
 r - 2 silver javelins (quivered)
 w - 11 boomerangs
 D - 4 curare-tipped darts {!f}
 E - a throwing net {!f}
 H - 24 poisoned darts
 O - 6 darts of dispersal {!f}
Armour
 c - a +0 kite shield (worn)
   (You took it off a gnoll sergeant on level 10 of the Dungeon)
 g - a scarf of harm
   (You found it on level 1 of the Dungeon)
 k - the +10 crystal plate armour of the Shoals (worn) {rN+ Dex+5 Slay+3}
   (You acquired it on level 4 of the Dungeon)

   Dex+5:     It affects your dexterity (+5).
   Slay+3:    It affects your accuracy & damage with ranged weapons and melee
   (+3).
   rN+:       It protects you from negative energy.
 p - a scarf of invisibility
   (You found it on level 2 of the Dungeon)
 y - a +2 cloak (worn)
   (You found it on level 4 of the Dungeon)
 C - a +4 plate armour of cold resistance
   (You found it in a bailey)
Magical Staves
 f - a staff of air
   (You found it on level 1 of the Dungeon)
Jewellery
 m - a ring of magical power
   (You found it on level 2 of the Dungeon)
 o - a ring of protection from cold (right hand)
   (You found it on level 1 of the Dungeon)
 s - a ring of wizardry
   (You found it on level 3 of the Dungeon)
 A - a ring of poison resistance (left hand)
   (You found it in a bailey)
Wands
 B - a wand of mindburst (5)
   (You found it on level 10 of the Dungeon)
 L - a wand of roots (18)
   (You found it on level 6 of the Dungeon)
Scrolls
 h - 3 scrolls of silence
 i - a scroll of acquirement
 q - 5 scrolls of amnesia
 t - 5 scrolls of fog
 x - a scroll of butterflies
 z - a scroll of vulnerability {!r}
 K - 5 scrolls of blinking
 N - 4 scrolls of enchant armour
 R - 10 scrolls of teleportation {@r4}
 U - a scroll of torment {unknown}
 W - 3 scrolls of fear
 Y - 2 scrolls of poison
 Z - 4 scrolls of enchant weapon {unknown}
Potions
 d - a potion of might
 e - 3 potions of degeneration {!q}
 j - 2 potions of mutation {!q}
 l - 3 potions of heal wounds {@q2}
 n - 3 potions of brilliance
 u - a potion of resistance
 F - 4 potions of enlightenment
 I - 2 potions of magic
 J - 5 potions of berserk rage
 Q - 5 potions of lignification {!q}
 V - 8 potions of curing {@q1}


   Skills:
 + Level 11.6 Fighting
 - Level 17.8(18.0) Axes
 - Level 3.3(12.1) Maces & Flails
 + Level 13.0 Armour
 - Level 3.0 Dodging
 * Level 15.9 Shields


You had 13 spell levels left.
You didn't know any spells.
Your spell library contained the following spells:

 Spells                   Type           Power      Damage    Failure   Level
 Apportation              Tloc           0%         N/A       100%        1
 Kiss of Death            Conj/Necr      0%         2d5       100%        1
 Magic Dart               Conj           0%         1d3       100%        1
 Necrotise                Necr           0%         1d4       100%        1
 Shock                    Conj/Air       0%         1d3       100%        1
 Sting                    Conj/Alch      0%         1d3       100%        1
 Summon Small Mammal      Summ           0%         N/A       100%        1
 Searing Ray              Conj           0%         2d4       100%        2
 Dazzling Flash           Conj/Hex       0%         N/A       100%        3
 Frozen Ramparts          Ice            0%         1d1       100%        3
 Gell's Gravitas          Tloc           0%         N/A       100%        3
 Inner Flame              Hex/Fire       0%         N/A       100%        3
 Teleport Other           Tloc           0%         N/A       100%        3
 Tukima's Dance           Hex            0%         N/A       100%        3
 Volatile Blastmotes      Fire/Tloc      0%         2d10      100%        3
 Flame Wave               Conj/Fire      0%         2d4       100%        4
 Fulminant Prism          Conj/Alch      0%         3d5       100%        4
 Leda's Liquefaction      Alch/Erth      0%         N/A       100%        4
 Passage of Golubria      Tloc           0%         N/A       100%        4
 Petrify                  Alch/Erth      0%         N/A       100%        4
 Sticky Flame             Fire/Alch      0%         2d4       100%        4
 Lee's Rapid Deconstruct  Erth           0%         3d4*      100%        5
 Metabolic Englaciation   Hex/Ice        0%         N/A       100%        5
 Yara's Violent Unravell  Hex/Alch       0%         3d3       100%        5
 Bombard                  Conj/Erth      0%         9d1       100%        6
 Dispersal                Tloc           0%         N/A       100%        6
 Starburst                Conj/Fire      0%         6d3       100%        6
 Spellforged Servitor     Conj/Summ      0%         N/A       100%        7
 Maxwell's Capacitive Co  Air            0%         ∞         100%        8


Dungeon Overview and Level Annotations

Branches:
Dungeon (13/15)            Temple (1/1) D:4            Lair (0/5) D:10
    Orc (1/2) D:12         Vaults (0/5) D:13          Sewer (visited)
Ossuary (visited)          Bailey (visited)

Altars:
Ashenzari
Cheibriados
Dithmenos
Elyvilon
Fedhas
Gozag
Hepliaklqana
Kikubaaqudgha
Makhleb
Nemelex Xobeh
Okawaru
Qazlal
Ru
Sif Muna
Trog
Uskayaw
Vehumet
Wu Jian
Xom
Yredelemnul
Zin
The Shining One

Shops:
D:1 [[(   D:2 *   D:8 (

Annotations:
D:10 exclusion: downstairs
Orc:1 1 transporter, 1 runed translucent door


Innate Abilities, Weirdness & Mutations

You have a pair of horns on your head.
You reflexively headbutt those who attack you in melee.


Message History

The troll claws you.
You hit the troll but do no damage. The troll bites you but does no damage.
The troll claws you but does no damage. You block the troll's attack.
You closely miss the troll. You block the troll's attack. x2
The troll claws you!
You open the troll like a pillowcase!!! You freeze the troll.
You kill the troll!
Your Armour skill increases to level 13!
The silent spectre is distracted by your dazzling golden aura.
There is a large open door here.
A stone giant comes into view.
The stone giant moves out of view.
The silent spectre is no longer distracted by gold.
A moth of wrath is nearby!
A moth of wrath is nearby!
The moth of wrath angrily waves its antennae.
Found a runed executioner's axe, a long sword and 3 stones.
You start resting.
The silent spectre stares at you with its ghostly eyes.
A stone giant is nearby!
You block the stone giant's attack.
You slash the stone giant! You freeze the stone giant.
You block the stone giant's attack.
You hit the stone giant. You freeze the stone giant.
You headbutt the stone giant, but do no damage.
The moth of wrath goads the stone giant on!
The stone giant goes berserk!
You slice the stone giant!! You freeze the stone giant.
You headbutt the stone giant, but do no damage.
The stone giant barely misses you.
You slash the stone giant! You freeze the stone giant!
You block the stone giant's attack. The stone giant hits you!!
You hit the stone giant but do no damage.
You headbutt the stone giant, but do no damage.
The stone giant hits you!
You hit the stone giant but do no damage.
The stone giant barely misses you. You furiously retaliate!
You headbutt the stone giant. You hit the stone giant.
You freeze the stone giant.
You headbutt the stone giant, but do no damage.
The stone giant barely misses you. You furiously retaliate!
You headbutt the stone giant! You slash the stone giant!
You freeze the stone giant. The stone giant hits you!!!
* * * LOW HITPOINT WARNING * * *
The silent spectre flutters as if in a wind.
You slash the stone giant! You freeze the stone giant.
The stone giant hits you!!!
You die...
Your body crumbles into a pile of gold.

#... #... . ##... .⌠
.######## #.... ...
.#y#....###..#. ..$$
###++###.....#..)..
.$$[###...##.......#.).)
.):_+W#.÷©##©.......#)#.
.())###@..##.....#......
..$$####C'###...........
...$#y#...#y#....#..#...
.⌠..###$..############..
. .. ...## ##.## ##. ...
...## #...###.. ###
##### ##..##.#. ee ey#÷
#....... # ## ##
##>##...


You could see a stone giant (berserk), a moth of wrath (unsilenced) and a silent
spectre (silencing).

Vanquished Creatures
  A cacodemon (Abyss:1)
  Nessos (D:12)
  Fannar (D:11)
  4 centaur warriors (D:13)
  An ogre mage (D:13)
  Erolcha (D:11)
  4 boulder beetles
  A tengu warrior (D:13)
  5 two-headed ogres
  Sonja (D:13)
  A sun demon (D:12)
  A soul eater (D:12)
  A wretched star (Abyss:1)
  A shadow wraith (Abyss:1)
  A sixfirhy (Abyss:1)
  A deep elf archer (D:13)
  An anaconda zombie (Abyss:1)
  Pikel (D:7)
  2 deep elf pyromancers
  2 orc sorcerers
  2 ugly things
  A manticore (D:11)
  2 orc knights
  A worldbinder (Abyss:1)
  3 cyclopes
  Joseph (D:7)
  2 rust devils (D:12)
  2 smoke demons
  3 gargoyles
  An orange demon (Abyss:1)
  3 large abominations (Abyss:1)
  2 unseen horrors
  5 yaktaurs (D:13)
  A kobold demonologist (D:12)
  2 tengu conjurers (D:13)
  A harpy zombie (Abyss:1)
  2 red devils (D:12)
  A hellwing (D:11)
  4 trolls
  Prince Ribbit (D:8)
  A hornet (D:11)
  3 raiju (Abyss:1)
  3 ynoxinuls
  2 shadows (D:12)
  15 yaks
  2 starcursed masses (Abyss:1)
  4 wraiths
  A vampire (D:13)
  A steam dragon (D:10)
  A basilisk (D:10)
  7 wyverns
  Grum (D:8)
  7 vampire mosquitoes
  2 neqoxecs (Abyss:1)
  Edmund (D:5)
  2 acid dragons
  3 water moccasins
  4 sky beasts
  5 black bears
  An ice beast (D:5)
  14 orc warriors
  8 ogres
  8 centaurs
  4 wolves
  3 lemures (D:7)
  4 kobold brigands
  5 bullfrogs
  An elf zombie (Ossuary)
  A gnoll sergeant (D:10)
  7 scorpions
  3 small abominations (Abyss:1)
  4 wights (D:7)
  7 killer bees
  An electric eel (D:8)
  11 howler monkeys
  2 bombardier beetles
  A centaur zombie (Ossuary)
  A human zombie (Ossuary)
  5 quasits
  2 jellies
  6 orc priests
  5 hounds
  An iron imp (Abyss:1)
  2 sleepcaps
  5 iguanas
  22 orc wizards
  6 hound zombies
  A hound skeleton (D:3)
  2 mummies (Ossuary)
  12 gnolls
  14 adders
  2 river rats (Sewer)
  3 white imps
  2 ufetubi (D:6)
  5 adder zombies
  2 adder skeletons (D:3)
  4 dart slugs
  3 ribbon worms
  69 orcs
  18 bats
  5 endoplasms
  5 giant cockroaches
  8 gnoll zombies (Ossuary)
  8 hobgoblins
  3 jackals (Sewer)
  5 quokkas
  5 ball pythons
  A frilled lizard (D:2)
  10 goblins
  9 jackal zombies (Ossuary)
  21 kobolds
  6 kobold zombies (Ossuary)
  5 orc zombies
  10 rats
515 creatures vanquished.

Vanquished Creatures (others)
  2 centaur warriors (D:13)
  A boulder beetle (D:13)
  An ugly thing (D:13)
  A cyclops (D:13)
  A lurking horror (Abyss:1)
6 creatures vanquished.

Grand Total: 521 creatures vanquished

Notes
Turn   | Place    | Note
-------+----------+-------------------------------------------
     0 | D:1      | James the Minotaur Fighter began the quest for the Orb.
     0 | D:1      | Reached XP level 1. HP: 19/19 MP: 0/0
    94 | D:1      | Reached skill level 1 in Axes
   176 | D:1      | Reached XP level 2. HP: 24/26 MP: 1/1
   369 | D:1      | Found Ihokh's Antique Weapon Shop.
   441 | D:1      | Found Vessaedd's Armour Shop.
   488 | D:1      | Found a faded altar of an unknown god.
   520 | D:1      | Found Filecoc's Antique Armour Emporium.
  1324 | D:2      | Found a radiant altar of Vehumet.
  1396 | D:2      | Reached XP level 3. HP: 26/33 MP: 2/2
  1612 | D:2      | Found Cifyh's Assorted Antiques.
  1865 | D:3      | Reached skill level 1 in Dodging
  1868 | D:3      | Reached XP level 4. HP: 37/40 MP: 3/3
  2096 | D:3      | Reached XP level 5. HP: 42/47 MP: 4/4
  2241 | D:3      | Reached skill level 5 in Fighting
  2396 | D:3      | Reached skill level 5 in Armour
  2917 | D:4      | Identified a scroll of acquirement
  2917 | D:4      | Acquired the +10 crystal plate armour of the Shoals {rN+
                  | Dex+5 Slay+3}
  2943 | D:4      | Found a sand-covered staircase.
  2968 | Ossuary  | Entered an ossuary
  2980 | Ossuary  | Reached XP level 6. HP: 56/56 MP: 5/5
  3012 | Ossuary  | Reached skill level 5 in Shields
  3152 | Ossuary  | Reached XP level 7. HP: 47/61 MP: 6/6
  3310 | D:4      | Found a staircase to the Ecumenical Temple.
  3318 | Temple   | Entered the Ecumenical Temple
  3325 | Temple   | Became a worshipper of Gozag Ym Sagoz the Greedy
  3628 | D:4      | Found a hazy altar of Hepliaklqana.
  3740 | D:4      | Found a sacrificial altar of Ru.
  3829 | D:4      | Found a burning altar of Makhleb.
  4176 | D:1      | Bought a faintly glowing broad axe for 198 gold pieces
  4176 | D:1      | Identified the +6 broad axe of the Solstice {freeze, +Blink
                  | Int+3 Dex+3 Stlth-} (You bought it in a shop on level 1 of
                  | the Dungeon)
  4257 | D:5      | Entered Level 5 of the Dungeon
  4334 | D:5      | Reached skill level 2 in Axes
  4356 | D:5      | Reached skill level 3 in Axes
  4384 | D:5      | Reached skill level 4 in Axes
  4389 | D:5      | Reached skill level 5 in Axes
  4468 | D:5      | Reached XP level 8. HP: 68/68 MP: 7/7
  4581 | D:5      | Noticed Edmund
  4586 | D:5      | Killed Edmund
  4587 | D:5      | Reached skill level 6 in Axes
  4676 | D:5      | Got the Compendium of the Ill-fated Tektite
  4684 | D:5      | Reached skill level 7 in Axes
  4714 | D:5      | Found a radiant altar of Vehumet.
  5090 | D:2      | Bought a grey potion for 23 gold pieces
  5090 | D:2      | Bought a metallic orange potion for 23 gold pieces
  5090 | D:2      | Bought a scroll labelled QOZUCVO QEORAL for 26 gold pieces
  5090 | D:2      | Bought a scroll labelled NELASE JUNTI for 26 gold pieces
  5211 | D:6      | Reached skill level 8 in Axes
  5220 | D:6      | Found a stormy altar of Qazlal.
  5241 | D:6      | Reached skill level 9 in Axes
  5283 | D:6      | Reached skill level 10 in Axes
  5404 | D:6      | Reached XP level 9. HP: 67/74 MP: 8/8
  5435 | D:6      | Found a glowing drain.
  5439 | Sewer    | Entered a sewer
  6063 | D:6      | Reached skill level 11 in Axes
  6309 | D:6      | Found a shadowy altar of Dithmenos.
  6684 | D:7      | Found a flagged portal.
  6758 | D:7      | Reached skill level 12 in Axes
  6773 | Bailey   | Entered a bailey
  6868 | Bailey   | Noticed an orc knight
  6880 | Bailey   | Killed an orc knight
  6881 | Bailey   | Reached skill level 13 in Axes
  7094 | Bailey   | Found a large runed translucent door.
  7094 | Bailey   | Found a large runed translucent door.
  7095 | Bailey   | Noticed a deep elf pyromancer
  7097 | Bailey   | Found the +8 demon trident "Rift" {distort, reach+}
  7129 | Bailey   | Killed a deep elf pyromancer
  7130 | Bailey   | Reached skill level 14 in Axes
  7130 | Bailey   | Reached XP level 10. HP: 28/81 MP: 9/9
  7447 | D:7      | Noticed Joseph
  7453 | D:7      | Noticed Pikel
  7460 | D:7      | Killed Joseph
  7473 | D:7      | Killed Pikel
  7474 | D:7      | Reached skill level 15 in Axes
  7535 | D:7      | Found a shimmering altar of Xom.
  8281 | D:8      | Noticed Grum
  8288 | D:8      | Killed Grum
  8289 | D:8      | Reached skill level 16 in Axes
  8394 | D:8      | Found Ikuxacs's Weapon Boutique.
  8578 | D:8      | Noticed Prince Ribbit
  8583 | D:8      | Killed Prince Ribbit
  9409 | D:9      | Identified the +5 spear "Qehalamu" {freeze, Will+ rCorr
                  | Str-2 Int+3}
  9417 | D:9      | Found an iron altar of Okawaru.
  9476 | D:9      | Reached skill level 17 in Axes
  9562 | D:9      | Reached XP level 11. HP: 76/86 MP: 10/10
  9791 | D:9      | Noticed a two-headed ogre
  9793 | D:9      | Killed a two-headed ogre
  9972 | D:9      | Found a blossoming altar of Fedhas.
 10187 | D:10     | Entered Level 10 of the Dungeon
 10190 | D:10     | Noticed a boulder beetle
 10198 | D:10     | Killed a boulder beetle
 10295 | D:10     | Found a glowing golden altar of the Shining One.
 10297 | D:10     | Found a broken altar of Ashenzari.
 10335 | D:10     | Found a sparkling altar of Nemelex Xobeh.
 10456 | D:10     | Found a staircase to the Lair.
 10698 | D:10     | Found a bloodstained altar of Trog.
 10702 | D:10     | Found a shimmering blue altar of Sif Muna.
 10905 | D:10     | Got Arphoov's Directory of Energy
 11408 | D:11     | Noticed a two-headed ogre
 11414 | D:11     | Killed a two-headed ogre
 11426 | D:11     | Noticed Fannar
 11438 | D:11     | Killed Fannar
 11652 | D:11     | Reached skill level 10 in Armour
 11703 | D:11     | Noticed Erolcha
 11728 | D:11     | Noticed a two-headed ogre
 11782 | D:10     | Killed a two-headed ogre
 11892 | D:11     | Reached XP level 12. HP: 101/101 MP: 11/11
 12153 | Abyss:1  | Cast into level 1 of the Abyss (Erolcha)
 12163 | Abyss:1  | Found a corrupted altar of Lugonu.
 12176 | Abyss:1  | Found a corrupted altar of Lugonu.
 12296 | Abyss:1  | Reached skill level 10 in Shields
 12448 | Abyss:1  | Noticed a cacodemon
 12468 | Abyss:1  | Killed a cacodemon
 12561 | Abyss:1  | Noticed a starcursed mass
 12680 | D:11     | Escaped the Abyss
 12706 | D:11     | Killed Erolcha
 13266 | D:12     | Reached XP level 13. HP: 91/112 MP: 12/12
 13431 | D:12     | Noticed Nessos
 13437 | D:12     | Killed Nessos
 13581 | D:12     | Reached skill level 10 in Fighting
 13593 | D:12     | Found a staircase to the Orcish Mines.
 14732 | D:13     | Paralysed by something for 3 turns
 14767 | D:13     | Reached skill level 15 in Shields
 15137 | D:13     | Found a gate to the Vaults.
 15149 | D:13     | Found a shimmering altar of Xom.
 15149 | D:13     | Noticed Sonja
 15198 | D:13     | Killed Sonja
 15963 | Orc:1    | Entered Level 1 of the Orcish Mines
 16023 | Orc:1    | Reached XP level 14. HP: 124/124 MP: 13/13
 16120 | Orc:1    | Found a transporter.
 16198 | Orc:1    | Found a transporter.
 16210 | Orc:1    | Found a runed translucent door.
 16210 | Orc:1    | Found a bloodstained altar of Trog.
 16210 | Orc:1    | Found the +8 Wrath of Trog {antimagic, *Rage Rampage}
 16213 | Orc:1    | Noticed a deep elf elementalist
 16225 | Orc:1    | Noticed a stone giant
 16244 | Orc:1    | Mangled by a stone giant

Illustrated notes

Levels and vault maps discovered:
D:1:      dpeg_arrival_simpleton_c, layout_basic, serial_shops, shop, shop,
          shop, shapermc_ecumenical_altar_ellora
D:2:      minmay_door_path, layout_basic, basic_altar, serial_shops,
          nicolae_shop_overgrown_old_shop, serial_park_tiny_pond,
          kennysheep_donut
D:3:      layout_loops_ring, serial_undead, serial_undead_d, serial_undead_d,
          serial_undead_e, serial_undead_e, serial_undead_d, serial_undead_b,
          ebering_dispersal_statue_hall
D:4:      layout_cave_pods, nicolae_overflow_hidden_temple,
          mainiacjoe_overflow_alcove_4, nicolae_hepliaklqana_hazy_memory,
          minmay_temple_entry_mini_moons, enter_ossuary_3
D:5:      minmay_opposing_rooms, layout_loops_ring,
          lemuel_coloured_pillars_altar, minmay_gold_behind_fungi, uniq_edmund
D:6:      old_forge, layout_basic, mainiacjoe_overflow_surrounded_room,
          nicolae_qazlal_scattered_showers, gup_sewer_entry_bowl,
          glass_columns_b, chequers_mini_garden, chequers_serial_rivers_large_b
D:7:      layout_rooms, overflow_temple_1_default, enter_bailey_3,
          billiards_dpeg, uniq_joseph, uniq_pikel
D:8:      layout_basic, serial_shops, shop, serial_corexii_hall,
          chequers_hall_statues_corner_a, corexii_hall_statues_t,
          serial_bayou_lagoon_a, kennysheep_generic_room_4, uniq_prince_ribbit1,
          uniq_grum
D:9:      layout_irregular_city, kennysheep_mini, general_overflow_altar
D:10:     layout_basic, hellmonk_overflow_destroyed_library,
          mainiacjoe_overflow_catwalk, amcnicky_altar_gilded,
          nemelex_diamond_rough_becter, minmay_lair_entry_grove,
          nicolae_tricolors
D:11:     layout_stronghold, uniq_erolcha, uniq_fannar
D:12:     layout_cave_pools, hiddenorc2_lemuel, serial_demonic,
          serial_demonic_e, serial_demonic_d, serial_demonic_c,
          serial_demonic_b, serial_demonic_c, serial_demonic_e,
          serial_demonic_b, serial_demonic_b, wad_rectangle_vault, uniq_nessos
D:13:     layout_irregular_city, hangedman_vaults_entry_quadrant_bands,
          xom_confusion_cloud, uniq_sonja
Temple:   nicolae_temple_ecumenical_triangle
Orc:1:    emtedronai_trogs_sanctum, layout_caves, basic_altar,
          nicolae_orc_minecarts

Skill      XL: |  1  2  3  4  5  6  7  8  9 10 11 12 13 14 |
---------------+-------------------------------------------+-----
Axes           | 1 5 10 14 17 | 17.8
Maces & Flails | 3 |  3.3
Fighting       | 4 5 8 9 11 | 11.6
Armour         | 4 5 6 8 10 11 12 13 | 13.0
Dodging        | 1 3 |  3.0
Shields        | 4 5 8 13 15 | 15.9

Action                     |  1- 3 |  4- 6 |  7- 9 | 10-12 | 13-15 || total
---------------------------+-------+-------+-------+-------+-------++-------
  Melee: Flail             |    92 |   174 |    49 |       |       ||   315
         Headbutt          |     9 |    39 |    37 |   101 |    69 ||   255
         Broad axe         |       |       |   162 |   415 |   273 ||   850
 Invoke: Potion Petition   |       |       |       |     2 |       ||     2
    Use: Scroll            |       |     5 |     7 |     4 |     4 ||    20
         Potion            |       |       |       |     2 |       ||     2
   Stab: Distracted        |       |       |     4 |     5 |     3 ||    12
 Armour: Scale mail        |    64 |    65 |       |       |       ||   129
         Crystal plate arm |       |    92 |   180 |   274 |   169 ||   715
  Dodge: Dodged            |    22 |    76 |    41 |    53 |    54 ||   246
  Block: Buckler           |    12 |    57 |    82 |    52 |       ||   203
         Kite shield       |       |       |       |    71 |   183 ||   254
